 Dungeon Crawl Stone Soup version 0.31-a0-549-gf98fd537a9 (webtiles) character file.

Game seed: 12860261758930740658

422 Bnni the Vexing (level 6, 0/30 HPs)
             Began as a Spriggan Hexslinger on Aug 16, 2023.
             Killed by divine providence
             ... invoked by an orc priest
              (16 damage)
             ... on level 4 of the Dungeon.
             The game lasted 00:05:49 (2477 turns).

Bnni the Vexing (Spriggan Hexslinger)               Turns: 2477, Time: 00:05:49

Health: 0/30       AC:  4    Str:  4    XL:     6   Next: 63%
Magic:  3/11       EV: 17    Int: 15    God:
Gold:   140        SH:  0    Dex: 19    Spells: 0/11 levels left

rFire   . . .        a - +1 sling
rCold   . . .        (no shield)
rNeg    . . .        c - +0 robe
rPois   .            l - +2 hat
rElec   .            (no cloak)
rCorr   .            (gloves unavailable)
SInv    +            (boots unavailable)
Will    +....        (no amulet)
Stlth   ++           (no ring)
HPRegen 0.25/turn    (no ring)
MPRegen 0.12/turn

%: no passive effects
@: very quick
A: very small, no large weapons, unfitting armour, see invisible, speed 3
a: no special abilities


You were on level 4 of the Dungeon.
You visited 1 branch of the dungeon, and saw 4 of its levels.

You collected 140 gold pieces.

Inventory:

Hand Weapons
 a - a +1 sling (weapon)
 i - a +2 short sword of protection
Missiles
 d - 6 poisoned darts
Armour
 c - a +0 robe (worn)
 l - a +2 hat (worn)
Wands
 k - a wand of flame (13)
Scrolls
 b - a scroll of poison
 f - a scroll of enchant weapon {unknown}
 g - a scroll of enchant armour {unknown}
 j - a scroll of revelation {unknown}
 o - 3 scrolls of fear
 p - a scroll of teleportation {unknown}
 r - a scroll of amnesia {unknown}
Potions
 e - a potion of haste {unknown}
 h - a potion of enlightenment {unknown}
 m - a potion of curing {unknown}
 n - a potion of lignification {unknown}
 q - a potion of cancellation {unknown}


   Skills:
 + Level 2.1 Fighting
 * Level 3.8 Ranged Weapons
 - Level 2.6 Dodging
 + Level 3.2 Spellcasting
 * Level 5.4 Hexes
 + Level 2.2 Translocations
 - Level 2.0 Fire Magic


You couldn't memorise any spells.
You knew the following spells:

 Your Spells              Type           Power      Damage    Failure   Level
a - Slow                  Hex            72%        N/A       1%          1
b - Inner Flame           Hex/Fire       13%        N/A       13%         3
c - Portal Projectile     Hex/Tloc       28%        N/A       12%         3
d - Cause Fear            Hex            9%         N/A       21%         4

Your spell library contained the following spells:

 Spells                   Type           Power      Damage    Failure   Level
 Apportation              Tloc           18%        N/A       8%          1
 Blink                    Tloc           18%        N/A       12%         2
 Lesser Beckoning         Tloc           18%        N/A       12%         2
 Momentum Strike          Conj/Tloc      10%        3d8       19%         2
 Magic Dart               Conj           8%         1d3       21%         1
 Necrotise                Necr           8%         1d4       21%         1
 Summon Small Mammal      Summ           8%         N/A       21%         1
 Call Imp                 Summ           4%         N/A       30%         2
 Mephitic Cloud           Conj/Pois/Air  2%         N/A       52%         3


Dungeon Overview and Level Annotations

Branches:
Dungeon (4/15)
 Temple: D:4-7

Altars:
Qazlal
Vehumet


Innate Abilities, Weirdness & Mutations

You are very small and have problems with some larger weapons.
You are too small for most types of armour.
You have supernaturally acute eyesight. (SInv)
You cover ground extremely quickly. (Speed+++)


Message History

You see here a quokka corpse.
No target in view!
You see here a quokka corpse.
No target in view!
An orc priest is nearby!
You shoot a sling bullet. The sling bullet hits the orc priest.
The orc priest is lightly wounded.
Casting: Slow (safe; 1% risk of failure)
Confirm with . or Enter, or press ? or * to list all spells.
Aiming: Inner Flame (quite dangerous; 13% risk of failure)
Press: ? - help, Dir - move target, f/p - orc priest
Aim: an orc priest, wielding a +0 flail (lightly wounded, chance to affect: 66%)
The orc priest struggles to resist.
Unknown command.
You shoot a sling bullet. The sling bullet hits the orc priest.
The orc priest is moderately wounded.
Casting: Inner Flame (quite dangerous; 13% risk of failure)
Confirm with . or Enter, or press ? or * to list all spells.
Aiming: Slow (safe; 1% risk of failure)
Press: ? - help, Shift-Dir - straight line, f/p - orc priest
Aim: an orc priest, wielding a +0 flail (moderately wounded, chance to affect: 50%)
The orc priest resists with significant effort.
Casting: Slow (safe; 1% risk of failure)
Confirm with . or Enter, or press ? or * to list all spells.
Aiming: Slow (safe; 1% risk of failure)
Press: ? - help, Shift-Dir - straight line, f/p - orc priest
Aim: an orc priest, wielding a +0 flail (moderately wounded, chance to affect: 50%)
The orc priest resists with significant effort.
The orc priest calls down the wrath of Beogh upon you.
Pain shoots through your body!
Casting: Slow (safe; 1% risk of failure)
Confirm with . or Enter, or press ? or * to list all spells.
Aiming: Slow (safe; 1% risk of failure)
Press: ? - help, Shift-Dir - straight line, f/p - orc priest
Aim: an orc priest, wielding a +0 flail (moderately wounded, chance to affect: 50%)
The orc priest resists with significant effort.
The orc priest mumbles some strange prayers to Beogh against you.
Beogh smites you!
Ouch! That really hurt!
You die...

#.# # #.# .. #.# ... ... #
....##### #.# .# ....:...#
#.######.#
.......○#########.#......#
......).o○.†@)†...)......#
.......○#########.#).....#
..##..... #.#..###.#
##..... #.#..# #....oo
#####.#..#
........'.......>####.#
###.).[.o#####..........
#......#...###))####.#
#...###..#### ..


You could see an orc priest.

Vanquished Creatures
  A sky beast (D:3)
  A howler monkey (D:4)
  3 hounds
  2 orc wizards
  8 adders
  A dart slug (D:2)
  10 orcs
  8 endoplasms
  2 giant cockroaches (D:1)
  3 hobgoblins
  4 jackals (D:1)
  3 quokkas
  4 ball pythons
  4 bats (D:1)
  2 frilled lizards
  2 goblins
  11 kobolds
  8 rats
77 creatures vanquished.

Notes
Turn   | Place    | Note
-------+----------+-------------------------------------------
     0 | D:1      | Bnni the Spriggan Hexslinger began the quest for the Orb.
     0 | D:1      | Reached XP level 1. HP: 9/9 MP: 3/3
     1 | D:1      | Found a radiant altar of Vehumet.
   132 | D:1      | Reached skill level 1 in Fighting
   136 | D:1      | Reached XP level 2. HP: 14/14 MP: 3/5
   249 | D:1      | You fall into a shaft and drop 1 floor!
   283 | D:2      | Reached skill level 4 in Hexes
   341 | D:1      | Reached XP level 3. HP: 18/18 MP: 6/6
   378 | D:1      | Learned a level 3 spell: Inner Flame
   990 | D:2      | Reached XP level 4. HP: 17/22 MP: 8/8
  1348 | D:3      | Found a stormy altar of Qazlal.
  1348 | D:3      | Noticed a sky beast
  1460 | D:3      | Killed a sky beast
  1461 | D:3      | Reached skill level 1 in Translocations
  1461 | D:3      | Reached skill level 1 in Fire Magic
  1461 | D:3      | Reached XP level 5. HP: 26/26 MP: 1/9
  1728 | D:3      | Reached skill level 5 in Hexes
  1934 | D:3      | Found a faded altar of an unknown god.
  2102 | D:3      | Learned a level 4 spell: Cause Fear
  2203 | D:3      | Reached XP level 6. HP: 21/30 MP: 9/11
  2341 | D:4      | Learned a level 3 spell: Portal Projectile
  2477 | D:4      | Killed from afar by an orc priest

Illustrated notes

Levels and vault maps discovered:
D:1:      sevenhm_arrival_forest_fort_small_6, layout_loops_ring,
          item_on_display_a
D:2:      layout_rooms, serial_forest, infiniplex_forest_clump_diagonal,
          infiniplex_forest_clump_small, infiniplex_forest_straight_2,
          infiniplex_forest_end_3, infiniplex_forest_straight_2,
          infiniplex_forest_straight_4, serial_bayou_crossing
D:3:      layout_rooms, nicolae_qazlal_beasts_of_the_sky,
          chequers_ecumenical_altar_simple_redux, nicolae_half_adder
D:4:      layout_basic, feat_on_display

Skill      XL: |  1  2  3  4  5  6 |
---------------+-------------------+-----
Fighting       | 1 2 |  2.1
Hexes          | 4 5 |  5.4
Spellcasting   | 2 3 |  3.2
Ranged Weapons | 3 |  3.8
Translocations | 1 2 |  2.2
Fire Magic     | 1 2 |  2.0
Dodging        | |  2.6

Action                     |  1- 3 |  4- 6 || total
---------------------------+-------+-------++-------
  Melee: Short sword       |       |    22 ||    22
         Punch             |       |     1 ||     1
   Fire: Sling             |    99 |   182 ||   281
  Throw: Dart              |       |     3 ||     3
   Cast: Slow              |     3 |    27 ||    30
         Inner Flame       |       |     5 ||     5
    Use: Scroll            |       |     1 ||     1
 Armour: Robe              |     5 |    19 ||    24
  Dodge: Dodged            |    30 |    89 ||   119

Table legend: (Time is in decaauts)
 A = Elapsed time spent in this place.
 B = Non-inter-level travel time spent in this place.
 C = Inter-level travel time spent in this place.
 D = Time resting spent in this place.
 E = Time spent auto-exploring this place.
 F = Levels seen in this place.
 G = Mean time per level.
                   A        B        C        D        E       F      G
               +--------+--------+--------+--------+--------+-----+--------+
         Total |   1838 |   1773 |     65 |      0 |   1138 |   4 |  459.5 |
       Dungeon |   1838 |   1773 |     65 |      0 |   1138 |   4 |  459.5 |
               +--------+--------+--------+--------+--------+-----+--------+

Top non-repeatable levels by time:
     D:3: 744 daAuts
     D:1: 533 daAuts
     D:2: 334 daAuts
     D:4: 227 daAuts
